General information
- name: BNet
- type: Ladder team game (AT/RT)
- host: Battle.net
- saver: imhereyrumadtho
map: Deadlock
- players: 8
- length: 22:30
- speed: Fast
- version: 1.27 W3XP
- replay type: Public
» download(167 KB)
Players
team 1 (loser)
KBilly (
pink | 57 APM | 1290 actions | 22:29)
5 Blademaster
2 Wind Walk
3 Critical Strike
4 Shadow Hunter
1 Hex
2 Healing Wave
1 Serpent Ward
» actions
| Assign group hotkey | 26 | |
| Basic commands | 72 | |
| Build / train | 83 | |
| ESC pressed | 2 | |
| Enter build submenu | 16 | |
| Enter hero's abilities submenu | 9 | |
| Give item / drop item | 3 | |
| Right click | 338 | |
| Select / deselect | 229 | |
| Select group hotkey | 368 | |
| Use ability | 144 | |
1290 total
» units
| Peon | 13 | |
| Grunt | 3 | |
| Spirit Walker | 3 | |
| Raider | 5 | |
| Kodo Beast | 2 | |
| Troll Witch Doctor | 3 | |
| Troll Headhunter/Berserker | 3 | |
32 total
» upgrades
| Spirit Walker Training | 1 | |
| Ensnare | 1 | |
| Pillage | 1 | |
| Witch Doctor Training | 2 | |
| Backpack | 1 | |
| Reinforced Defenses | 1 | |
| War Drums Damage Increase | 1 | |
| Armor | 2 | |
| Spiked Barricades | 1 | |
| Melee Weapons | 1 | |
| Berserker Upgrade | 1 | |
13 total
» buildings
| Altar of Storms | 1 | |
| Orc Burrow | 6 | |
| Voodoo Lounge | 1 | |
| Barracks | 1 | |
| Stronghold | 1 | |
| Beastiary | 1 | |
| Spirit Lodge | 1 | |
| Great Hall | 2 | |
| War Mill | 1 | |
| Watch Tower | 2 | |
| Fortress | 1 | |
18 total
» build order
00:06 Altar of Storms
00:20 Orc Burrow
01:06 Voodoo Lounge
01:21 Barracks
01:49 Orc Burrow
03:11 Stronghold
03:43 Orc Burrow
05:47 Beastiary
05:55 Spirit Lodge
08:23 Great Hall
08:27 Orc Burrow
08:30 War Mill
10:17 Watch Tower
10:20 Watch Tower
10:58 Fortress
12:30 Great Hall
12:56 Orc Burrow
13:56 Orc Burrow
» items
| Healing Salve | 5 | |
| Lesser Clarity Potion | 5 | |
| Boots of Speed | 1 | |
| Circlet of Nobility | 1 | |
| Scroll of Speed | 2 | |
| Scroll of Town Portal | 6 | |
| Orb of Lightning | 1 | |
| Potion of Healing | 2 | |
| Tiny Great Hall | 1 | |
| Potion of Mana | 1 | |
25 total

»
PostmanPat (
blue | 83 APM | 1826 actions | 22:02)
6 Shadow Hunter
2 Serpent Ward
3 Hex
1 Big Bad Voodoo
» actions
| Assign group hotkey | 28 | |
| Build / train | 97 | |
| Enter build submenu | 14 | |
| Enter hero's abilities submenu | 6 | |
| Give item / drop item | 1 | |
| Remove unit from queue | 7 | |
| Right click | 1046 | |
| Select / deselect | 317 | |
| Select group hotkey | 193 | |
| Use ability | 117 | |
1826 total
» units
| Peon | 26 | |
| Grunt | 1 | |
| Troll Headhunter/Berserker | 18 | |
| Troll Witch Doctor | 8 | |
| Spirit Walker | 5 | |
58 total
» upgrades
| Ranged Weapons | 3 | |
| Armor | 3 | |
| Spiked Barricades | 1 | |
| Melee Weapons | 0 | |
| Troll Regeneration | 1 | |
| Shaman Training | 1 | |
| Berserker Upgrade | 1 | |
| Spirit Walker Training | 0 | |
| Witch Doctor Training | 2 | |
12 total
» buildings
| Altar of Storms | 1 | |
| Barracks | 1 | |
| Orc Burrow | 9 | |
| War Mill | 2 | |
| Voodoo Lounge | 1 | |
| Stronghold | 1 | |
| Fortress | 1 | |
| Spirit Lodge | 2 | |
18 total
» build order
00:10 Altar of Storms
00:14 Barracks
00:30 Orc Burrow
01:14 War Mill
01:42 Voodoo Lounge
02:25 Orc Burrow
03:01 Orc Burrow
05:18 Stronghold
07:47 Fortress
07:56 Spirit Lodge
07:57 Spirit Lodge
12:21 Orc Burrow
12:21 Orc Burrow
12:22 Orc Burrow
12:23 Orc Burrow
12:25 Orc Burrow
12:26 Orc Burrow
16:45 War Mill
» items
| Healing Salve | 4 | |
| Potion of Healing | 2 | |
| Orb of Lightning | 1 | |
7 total

»
Alexyk (
yellow | 53 APM | 1148 actions | 21:44)
3 Far Seer
2 Feral Spirit
1 Chain Lighting
2 Shadow Hunter
1 Hex
1 Healing Wave
» actions
| Assign group hotkey | 35 | |
| Basic commands | 4 | |
| Build / train | 46 | |
| Enter build submenu | 24 | |
| Enter hero's abilities submenu | 5 | |
| Right click | 565 | |
| Select / deselect | 254 | |
| Select group hotkey | 136 | |
| Use ability | 79 | |
1148 total
» units
| Peon | 9 | |
| Grunt | 7 | |
| Raider | 6 | |
| Troll Witch Doctor | 4 | |
| Razormane Medicine Man | 1 | |
27 total
» upgrades
| Armor | 1 | |
| Ensnare | 1 | |
| Witch Doctor Training | 2 | |
4 total
» buildings
| Altar of Storms | 1 | |
| Orc Burrow | 10 | |
| Barracks | 1 | |
| War Mill | 1 | |
| Watch Tower | 7 | |
| Voodoo Lounge | 1 | |
| Stronghold | 1 | |
| Fortress | 1 | |
| Spirit Lodge | 1 | |
| Beastiary | 1 | |
| Great Hall | 2 | |
27 total
» build order
00:08 Altar of Storms
00:11 Orc Burrow
00:14 Orc Burrow
00:34 Barracks
01:47 Orc Burrow
02:09 War Mill
02:58 Orc Burrow
03:35 Watch Tower
03:50 Voodoo Lounge
04:59 Stronghold
06:13 Watch Tower
07:45 Fortress
07:48 Spirit Lodge
07:53 Beastiary
11:26 Orc Burrow
11:31 Orc Burrow
12:36 Watch Tower
12:36 Watch Tower
13:25 Orc Burrow
13:26 Orc Burrow
18:23 Great Hall
19:08 Great Hall
19:21 Orc Burrow
19:24 Orc Burrow
19:35 Watch Tower
19:36 Watch Tower
19:36 Watch Tower
» items
| Healing Salve | 3 | |
| Lesser Clarity Potion | 1 | |
| Scroll of Speed | 1 | |
| Potion of Healing | 1 | |
6 total

»
eruti (
teal | 90 APM | 1976 actions | 21:50)
4 Priestess of the Moon
2 Trueshot Aura
2 Scout
2 Keeper of the Grove
1 Entangling Roots
1 Thorns Aura
2 Dark Ranger
1 Black Arrow
1 Silence
» actions
| Assign group hotkey | 20 | |
| Basic commands | 85 | |
| Build / train | 80 | |
| Enter build submenu | 21 | |
| Enter hero's abilities submenu | 8 | |
| Give item / drop item | 3 | |
| Right click | 360 | |
| Select / deselect | 274 | |
| Select group hotkey | 1072 | |
| Use ability | 53 | |
1976 total
» units
| Wisp | 23 | |
| Archer | 15 | |
| Hippogryph | 13 | |
51 total
» upgrades
| Improved Bows | 1 | |
| Hippogryph Taming | 1 | |
| Moon Armor | 1 | |
| Strength of the Moon | 1 | |
| Marksmanship | 1 | |
5 total
» buildings
| Moon Well | 9 | |
| Altar of Elders | 1 | |
| Ancient of War | 2 | |
| Tree of Ages | 1 | |
| Tree of Life | 3 | |
| Hunter's Hall | 1 | |
| Ancient of Wind | 3 | |
| Tree of Eternity | 2 | |
| Ancient Protector | 1 | |
23 total
» build order
00:22 Moon Well
00:51 Altar of Elders
01:18 Moon Well
01:52 Ancient of War
02:04 Ancient of War
02:09 Moon Well
02:42 Moon Well
05:46 Tree of Ages
05:55 Tree of Life
06:11 Moon Well
07:04 Hunter's Hall
08:42 Ancient of Wind
08:49 Ancient of Wind
09:24 Ancient of Wind
09:58 Moon Well
10:18 Tree of Eternity
11:06 Moon Well
11:24 Ancient Protector
11:40 Moon Well
13:46 Moon Well
15:33 Tree of Life
18:35 Tree of Life
» items
| Boots of Speed | 1 | |
| Scroll of Town Portal | 5 | |
| Scroll of Healing | 1 | |
7 total
team 2 (winner)
fluffhead (
orange | 55 APM | 1240 actions | 22:30)
5 Blademaster
2 Wind Walk
3 Critical Strike
4 Shadow Hunter
2 Healing Wave
2 Hex
» actions
| Basic commands | 13 | |
| Build / train | 75 | |
| Enter build submenu | 15 | |
| Enter hero's abilities submenu | 9 | |
| Give item / drop item | 2 | |
| Right click | 649 | |
| Select / deselect | 397 | |
| Use ability | 80 | |
1240 total
» units
| Peon | 13 | |
| Wind Rider | 14 | |
| Troll Batrider | 7 | |
34 total
» upgrades
| Ranged Weapons | 3 | |
| Armor | 3 | |
| Liquid Fire | 1 | |
| Reinforced Defenses | 1 | |
| Envenomed Spears | 1 | |
9 total
» buildings
| Altar of Storms | 1 | |
| Orc Burrow | 6 | |
| Voodoo Lounge | 1 | |
| Stronghold | 1 | |
| War Mill | 2 | |
| Beastiary | 4 | |
| Fortress | 2 | |
| Great Hall | 1 | |
18 total
» build order
00:10 Altar of Storms
00:20 Orc Burrow
01:20 Voodoo Lounge
02:06 Stronghold
02:10 War Mill
02:24 Orc Burrow
02:41 Orc Burrow
04:40 Beastiary
04:42 Beastiary
05:12 Orc Burrow
09:54 Fortress
10:48 Great Hall
11:21 Beastiary
11:22 Beastiary
14:56 Orc Burrow
14:58 Orc Burrow
16:30 War Mill
» items
| Healing Salve | 5 | |
| Scroll of Town Portal | 4 | |
| Lesser Clarity Potion | 5 | |
| Orb of Lightning | 3 | |
17 total
imhereyrumadtho (
purple | 56 APM | 1266 actions | 22:30)
6 Blademaster
3 Wind Walk
2 Critical Strike
1 Bladestorm
» actions
| Assign group hotkey | 22 | |
| Basic commands | 6 | |
| Build / train | 69 | |
| Enter build submenu | 27 | |
| Enter hero's abilities submenu | 6 | |
| Give item / drop item | 1 | |
| Right click | 596 | |
| Select / deselect | 298 | |
| Select group hotkey | 159 | |
| Use ability | 82 | |
1266 total
» units
| Peon | 14 | |
| Grunt | 7 | |
| Troll Batrider | 16 | |
37 total
» upgrades
| Ranged Weapons | 3 | |
| Armor | 4 | |
| Troll Regeneration | 1 | |
| Liquid Fire | 1 | |
| Reinforced Defenses | 1 | |
10 total
» buildings
| Orc Burrow | 4 | |
| Altar of Storms | 1 | |
| Barracks | 1 | |
| Voodoo Lounge | 1 | |
| War Mill | 1 | |
| Stronghold | 1 | |
| Watch Tower | 13 | |
| Beastiary | 3 | |
| Fortress | 1 | |
| Great Hall | 1 | |
27 total
» build order
01:22 Orc Burrow
02:02 Altar of Storms
02:04 Barracks
02:18 Orc Burrow
02:55 Voodoo Lounge
03:36 War Mill
04:48 Stronghold
05:21 Watch Tower
05:27 Watch Tower
06:31 Orc Burrow
07:14 Beastiary
07:14 Beastiary
07:37 Orc Burrow
08:30 Watch Tower
08:30 Watch Tower
10:16 Fortress
11:41 Great Hall
11:46 Watch Tower
11:52 Watch Tower
12:15 Watch Tower
12:28 Watch Tower
12:32 Watch Tower
12:56 Watch Tower
13:27 Watch Tower
13:28 Watch Tower
14:59 Watch Tower
15:34 Beastiary
» items
| Healing Salve | 3 | |
| Scroll of Town Portal | 5 | |
| Staff of Teleportation | 1 | |
| Potion of Mana | 2 | |
| Orb of Lightning | 1 | |
| Lesser Clarity Potion | 1 | |
13 total
TheWendol (
red | 22 APM | 498 actions | 22:30)
4 Demon Hunter
1 Mana Burn
1 Immolation
2 Evasion
1 Priestess of the Moon
1 Trueshot Aura
» actions
| Basic commands | 111 | |
| Build / train | 84 | |
| Enter build submenu | 24 | |
| Enter hero's abilities submenu | 5 | |
| Right click | 11 | |
| Select / deselect | 201 | |
| Use ability | 62 | |
498 total
» units
| Wisp | 24 | |
| Archer | 24 | |
| Hippogryph | 18 | |
66 total
» upgrades
| Strength of the Moon | 2 | |
| Hippogryph Taming | 1 | |
| Moon Armor | 1 | |
| Improved Bows | 1 | |
5 total
» buildings
| Altar of Elders | 1 | |
| Moon Well | 6 | |
| Ancient of Wonders | 1 | |
| Ancient of War | 2 | |
| Tree of Ages | 1 | |
| Hunter's Hall | 1 | |
| Ancient Protector | 7 | |
| Tree of Life | 1 | |
| Ancient of Wind | 2 | |
| Tree of Eternity | 1 | |
23 total
» build order
00:06 Altar of Elders
00:09 Moon Well
01:20 Ancient of Wonders
01:37 Ancient of War
01:56 Moon Well
03:49 Tree of Ages
03:56 Moon Well
04:25 Hunter's Hall
05:05 Moon Well
05:18 Ancient of War
05:32 Ancient Protector
06:44 Tree of Life
07:02 Ancient Protector
07:51 Ancient of Wind
08:55 Ancient of Wind
09:03 Moon Well
10:51 Ancient Protector
12:42 Moon Well
15:03 Ancient Protector
19:08 Tree of Eternity
20:14 Ancient Protector
20:17 Ancient Protector
20:23 Ancient Protector
» items
| Dust of Appearance | 1 | |
| Scroll of Town Portal | 2 | |
| Potion of Healing | 1 | |
4 total
Dblbarrels (
green | 51 APM | 1142 actions | 22:30)
4 Priestess of the Moon
2 Searing Arrows
2 Trueshot Aura
3 Pit Lord
2 Cleaving Attack
1 Howl of Terror
2 Keeper of the Grove
1 Force of Nature
1 Thorns Aura
» actions
| Assign group hotkey | 17 | |
| Basic commands | 158 | |
| Build / train | 80 | |
| Enter build submenu | 21 | |
| Enter hero's abilities submenu | 9 | |
| Remove unit from queue | 9 | |
| Right click | 364 | |
| Select / deselect | 238 | |
| Select group hotkey | 178 | |
| Use ability | 68 | |
1142 total
» units
| Wisp | 14 | |
| Dryad | 7 | |
| Druid of the Claw | 12 | |
33 total
» upgrades
| Strength of the Wild | 3 | |
| Reinforced Hides | 3 | |
| Moon Armor | 0 | |
| Abolish Magic | 1 | |
| Druid of the Claw Training | 2 | |
| Ultravision | 1 | |
| Nature's Blessing | 1 | |
| Well Spring | 1 | |
| Mark of the Claw | 1 | |
| Hardened Skin | 1 | |
| Resistant Skin | 1 | |
15 total
» buildings
| Moon Well | 13 | |
| Altar of Elders | 1 | |
| Ancient of Wonders | 1 | |
| Hunter's Hall | 1 | |
| Tree of Ages | 1 | |
| Ancient of Lore | 2 | |
| Tree of Life | 2 | |
| Tree of Eternity | 1 | |
22 total
» build order
00:12 Moon Well
00:14 Altar of Elders
01:44 Ancient of Wonders
02:11 Hunter's Hall
02:54 Tree of Ages
02:59 Moon Well
03:02 Moon Well
05:21 Ancient of Lore
05:24 Ancient of Lore
07:45 Tree of Life
08:30 Tree of Eternity
12:56 Moon Well
13:01 Moon Well
13:08 Moon Well
14:18 Moon Well
15:10 Moon Well
19:02 Moon Well
20:17 Moon Well
20:20 Moon Well
21:19 Moon Well
21:22 Moon Well
22:17 Tree of Life
» items
| Potion of Healing | 4 | |
| Dust of Appearance | 1 | |
| Orb of Venom | 3 | |
| Scroll of Town Portal | 1 | |
9 total
Chat log
(00:04 / Allies) fluffhead: wyvs
(00:16 / Allies) TheWendol: hips riders
(00:27 / All) KBilly: glhf
(00:29 / Allies) Dblbarrels: we ned to rush
(00:30 / Allies) TheWendol: give him time
(00:53 / Allies) Dblbarrels: hes a douche bag
(00:56 / Allies) fluffhead: come on purp
(01:04 / Allies) Dblbarrels: no matter what time it is
(01:05 / Allies) fluffhead: plz dont be a dick
(01:06 / Allies) TheWendol: we need to wait and load hunts if we do this green
(01:43 / Allies) TheWendol: what you getting greeb
(01:47 / Allies) TheWendol: n
(01:52 / Allies) Dblbarrels: aa
(02:08 / Allies) TheWendol: dyrads
(02:13 / Allies) TheWendol: I take it
(07:55 / Allies) fluffhead: gank him
(08:16 / Allies) imhereyrumadtho: back
(08:17 / Allies) imhereyrumadtho: back
(08:18 / Allies) imhereyrumadtho: back
(09:13 / Allies) fluffhead: red wake up
(09:17 / Allies) imhereyrumadtho: gold?
(09:55 / All) Dblbarrels: tp blue
(10:15 / Allies) fluffhead: b
(11:06 / Allies) imhereyrumadtho: oh orange
(11:10 / Allies) imhereyrumadtho: I needs gold
(11:43 / Allies) imhereyrumadtho: godl
(11:47 / Allies) fluffhead: holy shit green is bad
(12:05 / Allies) imhereyrumadtho: gold me fucc nigga
(13:33 / Allies) fluffhead: b
(13:34 / Allies) fluffhead: b
(13:34 / Allies) fluffhead: b
(13:34 / Allies) fluffhead: b
(13:35 / Allies) fluffhead: b
(13:38 / Allies) imhereyrumadtho: b
(13:40 / Allies) imhereyrumadtho: b
(13:41 / Allies) imhereyrumadtho: b red
(15:14 / Allies) imhereyrumadtho: kill burrows
(15:20 / Allies) imhereyrumadtho: kill burrows
(15:57 / Allies) fluffhead: b
(17:26 / Allies) fluffhead: main then tp
(18:06 / Allies) imhereyrumadtho: lumbs?
(18:42 / Allies) Dblbarrels: shoot wards
(21:38 / All) imhereyrumadtho: DEATH TO KBILLY
(22:01 / All) imhereyrumadtho: tell me how nice my slippers look billy
(22:16 / All) KBilly: ?
(22:21 / All) imhereyrumadtho: I am your liege
(22:23 / All) imhereyrumadtho: address me properly